AoeStats
← Zathao1993

African Clearing

511064206Analyzed
3v3 RM · 5h ago on Oct 3, 2026· 76m 3s· 6 players
Game mode
Random Map
Map size
Normal (6 player)
Population
200
Speed
Normal
Resources
Standard
Victory
Conquest
Starting age
Dark Age
Ending age
Imperial Age
RankedLock teamsTeams togetherTeam positionsShared explorationLock speedFull tech treeHidden civsTurbo modeCheats
Victory
Defeat
🇨🇱 Lithuanians · Chile
1388
+12
🇺🇾 Koreans · Uruguay
1313
+15
🇦🇷 Persians · Argentina
1193
+21
🇧🇷 Varangians · Brazil
1354
-18
🇧🇷 Burmese · Brazil
1307
-16
🇧🇷 Danes · Brazil
1238
-14
PNAL | Lipe
10:46 Loom
13:57 Feudal Age
17:52 Castle Age
20:24 Double-Bit Axe
23:35 Fervor
23:50 Bow Saw
25:34 Horse Collar
26:51 Sanctity
27:01 Forging
28:38 Iron Casting
31:22 Husbandry
31:53 Scale Barding Armor
33:08 Stone Mining
34:16 Bloodlines
34:41 Chain Barding Armor
35:06 Wheelbarrow
35:54 Heavy Plow
36:51 Hand Cart
37:17 Town Watch
44:42 Imperial Age
42:53 Gold Mining
43:11 Pikeman
43:51 Squires
43:53 Scale Mail Armor
44:48 Cavalier
46:11 Plate Barding Armor
46:41 Crop Rotation
47:03 Chain Mail Armor
47:47 Town Patrol
48:14 Conscription
47:57 Tower Shields
47:47 Paladin
54:17 Town Patrol
54:07 Halberdier
55:22 Fletching
55:33 Padded Archer Armor
57:55 Block Printing
58:57 Chemistry
58:17 Ballistics
58:07 Masonry
59:08 Stone Shaft Mining
59:22 Arson
59:45 Bodkin Arrow
60:06 Leather Archer Armor
60:04 Man-at-Arms
60:58 Long Swordsman
63:25 Two-Man Saw
62:26 Two-Handed Swordsman
64:47 Light Cavalry
68:35 Redemption
68:06 Champion
74:01 Caravan
73:56 Winged Hussar
PNAL | Biry
3:44 Loom
14:12 Feudal Age
14:56 Double-Bit Axe
16:10 Scale Barding Armor
17:25 Forging
17:05 Town Watch
19:21 Bloodlines
25:00 Castle Age
23:46 Gold Mining
25:52 Bow Saw
25:59 Husbandry
28:43 Chain Barding Armor
31:00 Horse Collar
34:36 Heavy Plow
37:05 Iron Casting
37:16 Town Patrol
37:53 Wheelbarrow
38:00 Gold Shaft Mining
38:30 Murder Holes
39:26 Hand Cart
42:12 Imperial Age
41:55 Cavalier
43:12 Plate Barding Armor
43:37 Blast Furnace
46:52 Crop Rotation
46:15 Fletching
48:49 Bodkin Arrow
50:24 Savar
54:17 Savar
55:35 Conscription
56:58 Two-Man Saw
55:32 Savar
58:18 Ballistics
58:58 Chemistry
58:45 Kamandaran
59:48 Padded Archer Armor
59:58 Thumb Ring
59:13 Crossbowman
59:21 Crossbowman
60:40 Hoardings
60:30 Light Cavalry
64:45 Leather Archer Armor
67:59 Hussar
rama xstar
13:51 Feudal Age
15:51 Wheelbarrow
18:17 Castle Age
18:44 Gold Mining
19:10 Double-Bit Axe
20:48 Bow Saw
21:11 Loom
27:05 Hand Cart
27:46 Horse Collar
28:47 Sanctity
30:09 Fletching
39:58 Gold Shaft Mining
40:04 Scale Mail Armor
40:17 Squires
41:11 Chain Mail Armor
41:07 Forging
43:29 Iron Casting
43:42 Town Watch
48:00 Imperial Age
49:56 Imperial Age
47:50 Heavy Plow
51:18 Plate Mail Armor
51:18 Shinkichon
52:03 Chemistry
51:20 Heavy Rocket Cart
52:08 Siege Engineers
54:09 Two-Man Saw
53:56 Bodkin Arrow
55:01 Bracer
54:29 Elite War Wagon
55:30 Conscription
56:19 Ballistics
56:10 Masonry
59:16 Treadmill Crane
60:06 Architecture
60:19 Murder Holes
60:54 Elite Fire Lancer
65:47 Caravan
66:43 Eupseong
69:59 Pikeman
71:19 Halberdier
HeriN~'#*
12:18 Loom
14:04 Feudal Age
15:13 Double-Bit Axe
19:01 Castle Age
16:51 Horse Collar
17:55 Bloodlines
17:51 Scale Barding Armor
17:57 Forging
17:43 Gold Mining
21:05 Husbandry
22:41 Heavy Plow
25:37 Chain Barding Armor
25:54 Bow Saw
25:46 Light Cavalry
28:12 Wheelbarrow
30:25 Iron Casting
30:34 Hand Cart
37:48 Imperial Age
39:03 Plate Barding Armor
39:28 Blast Furnace
37:56 Cavalier
41:40 Vendel Legacy
44:25 Hussar
48:07 Conscription
48:28 Town Watch
59:13 Scale Mail Armor
59:19 Squires
59:06 Arson
61:00 Pikeman
62:45 Chain Mail Armor
64:12 Plate Mail Armor
65:10 Fletching
70:34 Bodkin Arrow
Pikachu Pay
10:34 Loom
13:12 Feudal Age
13:38 Man-at-Arms
16:27 Arson
18:31 Forging
23:32 Wheelbarrow
26:08 Castle Age
24:18 Scale Mail Armor
26:33 Long Swordsman
27:00 Gambesons
27:50 Gold Mining
28:19 Chain Mail Armor
29:27 Gold Shaft Mining
29:58 Iron Casting
34:51 Stone Mining
35:47 Hand Cart
36:36 Pikeman
38:55 Town Watch
42:09 Imperial Age
40:21 Squires
42:39 Town Patrol
43:22 Plate Mail Armor
43:53 Blast Furnace
42:33 Two-Handed Swordsman
42:43 Halberdier
43:38 Fletching
43:52 Champion
48:45 Murder Holes
50:55 Bodkin Arrow
52:02 Chemistry
51:22 Ballistics
52:20 Bracer
52:51 Siege Engineers
52:57 Masonry
59:50 Conscription
64:20 Scale Barding Armor
64:20 Manipur Cavalry
65:41 Chain Barding Armor
64:43 Light Cavalry
65:33 Bloodlines
65:24 Husbandry
65:18 Hussar
Zathao1993
5:44 Loom
15:37 Feudal Age
15:39 Man-at-Arms
16:39 Arson
17:18 Double-Bit Axe
25:54 Castle Age
25:47 Forging
25:43 Scale Barding Armor
26:00 Bloodlines
27:08 Wheelbarrow
26:40 Husbandry
34:43 Chain Barding Armor
37:00 Bow Saw
36:43 Horse Collar
51:26 Imperial Age
50:03 Iron Casting
49:29 Scale Mail Armor
52:16 Chain Mail Armor
53:23 Blast Furnace
51:49 Elite Varangian Guard
54:48 Pikeman
55:28 Squires
56:26 Plate Mail Armor
57:04 Blast Furnace
55:36 Halberdier
Connection lost

Rejoining the realm…

Still unreachable

The connection could not be restored.

Session expired

The server has moved on; the page needs a fresh start.